 Seeded DCSS version 0.29-a0-393-g47a863cc1b (webtiles) character file.

Game seed: 13605594255664981076 (custom seed)

399 thiscave3701365 the Chopper (level 6, -2/56 HPs)
             Began as a Minotaur Berserker on May 9, 2022.
             Was a Believer of Trog.
             Slain by a gnoll
             ... wielding a +1 whip of venom
              (6 damage)
             ... on level 4 of the Dungeon.
             The game lasted 00:02:11 (4875 turns).

thiscave3701365 the Chopper (Minotaur Berserker)    Turns: 4875, Time: 00:02:11

Health: -2/56      AC: 10    Str: 23    XL:     6   Next: 53%
Magic:  5/5        EV:  9    Int:  4    God:    Trog [**....]
Gold:   174        SH:  0    Dex: 10    Spells: 5/5 levels left

rFire   . . .      SeeInvis .   a - +0 hand axe
rCold   . . .      Faith    .   (no shield)
rNeg    . . .      Spirit   .   o - +1 chain mail {rPois}
rPois   +          Reflect  .   (helmet restricted)
rElec   .          Harm     .   (no cloak)
rCorr   .          Rampage  .   (no gloves)
Will    .....                   (no boots)
Stlth   ..........              (no amulet)
HPRegen 0.18/turn               (no ring)
MPRegen 0.09/turn               (no ring)

@: on berserk cooldown, slowed, very slow
A: horns 2, retaliatory headbutt
a: Renounce Religion, Berserk, Trog's Hand


You were on level 4 of the Dungeon.
You worshipped Trog.
Trog was pleased with you.
You visited 1 branch of the dungeon, and saw 4 of its levels.

You collected 174 gold pieces.

Inventory:

Hand Weapons
 a - a +0 hand axe (weapon)
Armour
 b - a +0 animal skin
 o - a +1 chain mail of poison resistance (worn)
Jewellery
 r - a ring of protection from cold
Wands
 u - a wand of charming (10)
Scrolls
 d - a scroll of immolation {unknown}
 e - 6 scrolls of identify {unknown}
 g - a scroll of blinking {unknown}
 h - 2 scrolls of fog {unknown}
 i - 2 scrolls of vulnerability {unknown}
 l - 2 scrolls of poison {unknown}
 p - a scroll of torment {unknown}
 q - a scroll of teleportation {unknown}
Potions
 c - a potion of brilliance {unknown}
 f - 2 potions of haste {unknown}
 j - a potion of magic {unknown}
 k - a potion of flight {unknown}
 m - a potion of might {unknown}
 n - a potion of ambrosia {unknown}
 s - a potion of heal wounds {unknown}
 t - a potion of mutation {unknown}


   Skills:
 + Level 5.4 Fighting
 + Level 5.4 Axes
 + Level 4.7 Armour
 + Level 4.3 Dodging


You had 5 spell levels left.
You didn't know any spells.
Your spell library was empty.

Dungeon Overview and Level Annotations

Branches:
Dungeon (4/15)             Temple (0/1) D:4

Altars:
Cheibriados
Gozag
Makhleb
Nemelex Xobeh
Okawaru
Uskayaw


Innate Abilities, Weirdness & Mutations

You have a pair of horns on your head.
You reflexively headbutt those who attack you in melee.


Message History

You hit the gnoll.
The gnoll is moderately wounded.
The gnoll hits you but does no damage.
You barely miss the gnoll.
The gnoll is moderately wounded.
You barely miss the gnoll.
The gnoll is moderately wounded.
The gnoll hits you from afar with a +0 spear.
The gnoll hits you but does no damage.
You hit the gnoll.
The gnoll is severely wounded.
The gnoll hits you from afar with a +0 spear.
You slash the gnoll!
You kill the gnoll!
Trog accepts your kill. The gnoll hits you with a +0 spear.
* * * LOW HITPOINT WARNING * * *
You slash the gnoll! You headbutt the gnoll.
You feel the power of Trog in you as your rage grows.
You kill the gnoll!
Trog accepts your kill.
A gnoll comes into view. It is wielding a +1 whip of venom.
The gnoll shouts!
Things that are here:
a +0 spear; a throwing net; a gnoll corpse You feel a strong urge to attack something.
You are no longer berserk.
You are exhausted.
You feel yourself slow down.
The gnoll hits you with a +1 whip of venom.
* * * LOW HITPOINT WARNING * * *
You closely miss the gnoll. The gnoll hits you but does no damage.
You hit the gnoll but do no damage. Your headbutt misses the gnoll.
The gnoll hits you with a +1 whip of venom.
* * * LOW HITPOINT WARNING * * *
The gnoll hits you with a +1 whip of venom.
* * * LOW HITPOINT WARNING * * *
You barely miss the gnoll.
The gnoll hits you with a +1 whip of venom.
You die...

#.# #.#
#.##.# #.#
#.# #.##.#
#.# #.#
#.##.## ##.##
#.# #.#...##
#####...###.#
#.......
.......))...#
####...##
####...#####
#.....##
##)## #.#####
#@# #.# ..#
#.....g.# #.#
......#######
#.# ....# #)#
#.#.# #.#
#.#.# #.# #
#.#.# #.# ##
#.#.# #.#
.#####.#.##
#.#######


You could see a gnoll.

Vanquished Creatures
  An ogre (D:4)
  2 orc priests (D:4)
  An iguana (D:3)
  An orc wizard (D:3)
  7 gnolls
  3 adders
  An ufetubus (D:4)
  20 orcs
  4 endoplasms
  3 giant cockroaches
  8 goblins
  4 hobgoblins
  3 jackals (D:1)
  A quokka (D:4)
  10 ball pythons
  A bat (D:3)
  3 frilled lizards
  5 kobolds
  7 rats
85 creatures vanquished.

Notes
Turn   | Place    | Note
-------+----------+-------------------------------------------
     0 | D:1      | thiscave3701365 the Minotaur Berserker began the quest for
                  | the Orb.
     0 | D:1      | Reached XP level 1. HP: 19/19 MP: 0/0
   722 | D:1      | Found a faded altar of an unknown god.
   780 | D:1      | Reached XP level 2. HP: 27/27 MP: 1/1
  1554 | D:2      | Reached XP level 3. HP: 31/33 MP: 2/2
  1659 | D:2      | Reached XP level 4. HP: 20/40 MP: 3/3
  2000 | D:2      | Reached ** piety under Trog
  2908 | D:3      | Found a burning altar of Makhleb.
  2908 | D:3      | Found a hide-covered altar of Uskayaw.
  3081 | D:3      | Reached XP level 5. HP: 47/47 MP: 4/4
  3893 | D:4      | Noticed an ogre
  3899 | D:4      | Killed an ogre
  3900 | D:4      | Reached skill level 5 in Fighting
  3900 | D:4      | Reached skill level 5 in Axes
  4077 | D:4      | Found a staircase to the Ecumenical Temple.
  4144 | D:4      | Found an opulent altar of Gozag.
  4144 | D:4      | Found a sparkling altar of Nemelex Xobeh.
  4237 | D:4      | Reached XP level 6. HP: 55/56 MP: 5/5
  4562 | D:4      | Found an iron altar of Okawaru.
  4633 | D:4      | Found a snail-covered altar of Cheibriados.
  4875 | D:4      | Slain by a gnoll

Illustrated notes

Levels and vault maps discovered:
D:1:      wander_arrival_lonely_grave, layout_basic,
          ebering_ecumenical_altar_rust
D:2:      layout_basic, minmay_misc_feat_tower, grunt_decor_mini_mirrors
D:3:      layout_basic, mainiacjoe_overflow_divided_tiny
D:4:      layout_loops_ring, grunt_temple_overflow_opulence,
          general_overflow_altar, mainiacjoe_overflow_24_doors, temple_doors_ab

Skill      XL: |  1  2  3  4  5 |
---------------+----------------+-----
Axes           | 4 5 |  5.4
Fighting       | 4 5 |  5.4
Armour         | 3 4 |  4.7
Dodging        | 3 4 |  4.3

Action                   |  1- 3 |  4- 6 || total
-------------------------+-------+-------++-------
Melee: Hand axe          |    52 |   109 ||   161
       Headbutt          |     7 |    16 ||    23
Invok: Berserk           |     1 |     7 ||     8
Armor: Animal skin       |     8 |     1 ||     9
       Chain mail        |       |    34 ||    34
Dodge: Dodged            |    36 |    36 ||    72

Table legend: (Time is in decaauts)
 A = Elapsed time spent in this place.
 B = Non-inter-level travel time spent in this place.
 C = Inter-level travel time spent in this place.
 D = Time resting spent in this place.
 E = Time spent auto-exploring this place.
 F = Levels seen in this place.
 G = Mean time per level.
                   A        B        C        D        E       F      G
               +--------+--------+--------+--------+--------+-----+--------+
         Total |   4937 |   4726 |    211 |   1283 |   3052 |   4 | 1234.2 |
       Dungeon |   4937 |   4726 |    211 |   1283 |   3052 |   4 | 1234.2 |
               +--------+--------+--------+--------+--------+-----+--------+

Top non-repeatable levels by time:
     D:3: 1426 daAuts
     D:1: 1352 daAuts
     D:2: 1148 daAuts
     D:4: 1010 daAuts
